 Dungeon Crawl Stone Soup version 0.29-a0-892-g2c4c91d9db (webtiles) character file.

Game seed: 7769824717996261520

644 DistractedDog the Chopper (level 7, -5/90 HPs)
             Began as a Purple Draconian Berserker on July 22, 2022.
             Was a Priest of Trog.
             Slain by a two-headed ogre
             ... wielding a +0 giant club
              (26 damage)
             ... on level 6 of the Dungeon.
             The game lasted 00:36:59 (5862 turns).

DistractedDog the Chopper (DrBe)                    Turns: 5862, Time: 00:36:59

Health: -5/90      AC: 17    Str: 21    XL:     7   Next: 27%
Magic:  7/7        EV: 13    Int:  7    God:    Trog [***...]
Gold:   108        SH:  0    Dex: 11    Spells: 6/6 levels left

rFire   x x .      SeeInvis .   a - +0 hand axe
rCold   x x .      Faith    .   (no shield)
rNeg    . . .      Spirit   .   (body armour unavailable)
rPois   +          Reflect  .   (helmet restricted)
rElec   .          Harm     .   G - +2 cloak
rCorr   .          Rampage  .   (no gloves)
Will    +....                   (no boots)
Stlth   ..........              i - amulet of Elemental Vulnerability {rPois rF-- rC-- AC+8}
HPRegen 0.25/turn               (no ring)
MPRegen 0.10/turn               (no ring)

@: berserking, very quick
A: breathe power, AC +6, unfitting armour, cold-blooded
a: Breathe Dispelling Energy, Renounce Religion, Berserk, Trog's Hand


You were on level 6 of the Dungeon.
You worshipped Trog.
Trog was most pleased with you.
You visited 1 branch of the dungeon, and saw 6 of its levels.
You also visited: Sewer.

You collected 108 gold pieces.

Inventory:

Hand Weapons
 a - a +0 hand axe (weapon)
 h - a +0 hand axe
 o - a +2 whip of electrocution
Missiles
 c - 57 stones
 g - 11 boomerangs (quivered)
 p - 13 poisoned darts
Armour
 G - a +2 cloak (worn)
Magical Staves
 b - a staff of conjuration
Jewellery
 i - the amulet of Elemental Vulnerability (around neck) {rPois rF-- rC-- AC+8}
   (You found it on level 2 of the Dungeon)

   [amulet of nothing]

   AC:        It affects your AC (+8).
   rF:        It makes you very vulnerable to fire.
   rC:        It makes you very vulnerable to cold.
   rPois:     It protects you from poison.
Scrolls
 d - 4 scrolls of identify {unknown}
 m - 2 scrolls of teleportation {unknown}
 s - 2 scrolls of torment {unknown}
 u - a scroll of enchant weapon {unknown}
 v - a scroll of blinking {unknown}
 w - 2 scrolls of vulnerability {unknown}
 x - a scroll of brand weapon {unknown}
 y - a scroll of summoning {unknown}
 B - a scroll of poison {unknown}
 C - a scroll of amnesia {unknown}
 D - 3 scrolls of immolation {unknown}
 E - a scroll of fog {unknown}
Potions
 e - 2 potions of curing {unknown}
 f - 3 potions of heal wounds {unknown}
 j - 2 potions of invisibility {unknown}
 k - 5 potions of haste {unknown}
 l - a potion of brilliance {unknown}
 n - 2 potions of might {unknown}
 q - 2 potions of mutation {unknown}
 r - a potion of magic {unknown}
 t - a potion of ambrosia {unknown}
 z - a potion of lignification {unknown}
 A - a potion of degeneration {unknown}
 H - 2 potions of attraction {unknown}
Miscellaneous
 F - a piece from Xom's chessboard (15/15)


   Skills:
 + Level 4.6 Fighting
 + Level 6.2 Axes
 + Level 1.0 Throwing
 + Level 4.6 Dodging
 + Level 1.5 Stealth


You had 6 spell levels left.
You didn't know any spells.
Your spell library contained the following spells:

 Spells                   Type           Power      Damage    Failure   Level
 Blink                    Tloc           0%         N/A       56%         2
 Lesser Beckoning         Tloc           0%         N/A       80%         3
 Manifold Assault         Tloc           0%         N/A       100%        5


Dungeon Overview and Level Annotations

Branches:
Dungeon (6/15)              Sewer (visited)
 Temple: D:4-7

Altars:
Ashenzari
Makhleb
Nemelex Xobeh
Okawaru
Qazlal
Zin
The Shining One

Shops:
D:4 *


Innate Abilities, Weirdness & Mutations

You can breathe bolts of dispelling energy.
Your rich purple scales are hard. (AC +6)
You cannot fit into any form of body armour.
You are cold-blooded and may be slowed by cold attacks.


Message History

The white imp misses you.
You hit the white imp but do no damage.
The white imp is heavily wounded.
You hit the ufetubus. The ufetubus barely misses you. x2
The white imp barely misses you. The ufetubus barely misses you. x2
The adder attacks as you move away! The adder barely misses you.
The ufetubus attacks as you move away! The ufetubus barely misses you. x2
You hit the adder.
The adder is heavily wounded.
The adder bites you but does no damage.
You barely miss the adder. You tail-slap the adder.
The adder is almost dead.
The adder bites you but does no damage.
You hit the two-headed ogre but do no damage.
A red film seems to cover your vision as you go berserk!
You feel yourself moving faster!
You feel mighty! The two-headed ogre misses you.
The two-headed ogre hits you but does no damage.
You hit the two-headed ogre. You tail-slap the two-headed ogre.
The two-headed ogre is lightly wounded.
The two-headed ogre barely misses you.
The two-headed ogre hits you with a +0 giant spiked club!
You barely miss the two-headed ogre.
The two-headed ogre is lightly wounded.
You hit the two-headed ogre.
The two-headed ogre is moderately wounded.
You barely miss the two-headed ogre.
The two-headed ogre is moderately wounded.
The two-headed ogre hits you with a +0 giant club!
The two-headed ogre hits you with a +0 giant spiked club!
* * * LOW HITPOINT WARNING * * *
You slash the two-headed ogre! You tail-slap the two-headed ogre!
The two-headed ogre is severely wounded.
Okay, then.
You slash the two-headed ogre!
Your tail-slap misses the two-headed ogre.
The two-headed ogre is almost dead.
The two-headed ogre hits you but does no damage.
The two-headed ogre hits you with a +0 giant spiked club!!
You die...

# ###. ##..=##
....... # .......
###.###
......S###.......
......5O@<.#
......5#####
....... .......
....... .......
....... #######


You could see a two-headed ogre, an adder, a white imp and an ufetubus.

Vanquished Creatures
  2 water moccasins (D:5)
  An ogre (D:4)
  A crimson imp (D:4)
  2 hounds (D:5)
  An orc wizard (D:5)
  4 gnolls (D:4)
  3 river rats (Sewer)
  4 adders
  A shadow imp (D:5)
  A dart slug (D:4)
  5 orcs
  11 ball pythons
  7 bats
  5 endoplasms
  8 giant cockroaches
  6 goblins
  7 hobgoblins
  3 quokkas (D:3)
  5 frilled lizards
  2 goblin skeletons (D:4)
  2 goblin zombies (D:4)
  3 hobgoblin zombies (D:4)
  18 kobolds
  A kobold skeleton (D:4)
  2 kobold zombies (D:4)
  2 orc skeletons (D:4)
  An orc zombie (D:4)
  17 rats
125 creatures vanquished.

Vanquished Creatures (others)
  2 demonic plants (D:2)
  14 fungi (D:5)
  2 plants (D:3)
18 creatures vanquished.

Grand Total: 143 creatures vanquished

Notes
Turn   | Place    | Note
-------+----------+-------------------------------------------
     0 | D:1      | DistractedDog the Draconian Berserker began the quest for
                  | the Orb.
     0 | D:1      | Reached XP level 1. HP: 19/19 MP: 1/1
   195 | D:1      | Reached XP level 2. HP: 26/26 MP: 2/2
   779 | D:1      | Reached ** piety under Trog
  1197 | D:2      | Reached XP level 3. HP: 31/31 MP: 3/3
  1326 | D:2      | Found the amulet of Elemental Vulnerability {rPois rF--
                  | rC-- AC+8}
  1429 | D:2      | Found a faded altar of an unknown god.
  1429 | D:2      | Noticed an orange demon
  1931 | D:3      | Found a sparkling altar of Nemelex Xobeh.
  1993 | D:3      | Found a burning altar of Makhleb.
  1999 | D:3      | Found a glowing silver altar of Zin.
  1999 | D:3      | Noticed an angel
  2000 | D:3      | Noticed a balrug
  2071 | D:3      | Found a glowing drain.
  2100 | Sewer    | Entered a sewer
  2187 | Sewer    | Reached XP level 4. HP: 38/40 MP: 4/4
  2397 | Sewer    | Reached *** piety under Trog
  2402 | Sewer    | Reached skill level 4 in Axes
  2913 | D:3      | Found a broken altar of Ashenzari.
  2917 | D:3      | Saw a vision of the Swamp and the Snake Pit.
  2917 | D:3      | Noticed a black mamba
  2917 | D:3      | Noticed a naga
  2917 | D:3      | Noticed a salamander
  2917 | D:3      | Noticed a naga
  2917 | D:3      | Noticed a naga
  2917 | D:3      | Noticed a naga sharpshooter
  2917 | D:3      | Noticed a will-o-the-wisp
  2917 | D:3      | Noticed an alligator
  2917 | D:3      | Noticed a vampire mosquito
  2917 | D:3      | Noticed a vampire mosquito
  2917 | D:3      | Noticed a vampire mosquito
  2917 | D:3      | Noticed an alligator
  2918 | D:3      | Noticed a salamander
  2918 | D:3      | Noticed a naga mage
  2918 | D:3      | Noticed a vampire mosquito
  2918 | D:3      | Noticed an alligator
  3172 | D:3      | Reached skill level 1 in Stealth
  3401 | D:3      | Found a stormy altar of Qazlal.
  3495 | D:3      | Reached XP level 5. HP: 46/46 MP: 5/5
  3797 | D:4      | Found a glowing golden altar of the Shining One.
  3993 | D:4      | Noticed an ogre
  4090 | D:4      | Found Ruedall's Elemental Accessories.
  4516 | D:4      | Killed an ogre
  4517 | D:4      | Reached skill level 5 in Axes
  4517 | D:4      | Reached XP level 6. HP: 52/52 MP: 6/6
  4854 | D:5      | Entered Level 5 of the Dungeon
  4871 | D:5      | Found an iron altar of Okawaru.
  4975 | D:5      | Noticed a water moccasin
  5042 | D:5      | Killed a water moccasin
  5369 | D:5      | Your scales start taking on a rich purple colour.
  5369 | D:5      | Reached XP level 7. HP: 60/60 MP: 7/7
  5379 | D:5      | Reached skill level 6 in Axes
  5679 | D:5      | Reached skill level 1 in Throwing
  5848 | D:6      | Noticed a two-headed ogre
  5862 | D:6      | Slain by a two-headed ogre

Illustrated notes

Levels and vault maps discovered:
D:1:      saegor_arrival_simple_e, layout_basic
D:2:      layout_loops_ring, dreamdust_ecumenical_altar_sealed_demon
D:3:      layout_loops_corners, grunt_temple_overflow_order_and_chaos_2,
          grunt_ashenzari_visionary [grunt_ashenzari_visionary_swamp,
          grunt_ashenzari_visionary_snake], nemelex_xobeh_ov_fountains_minmay,
          mainiacjoe_overflow_cross_hatched, gup_sewer_entry_pipe,
          minmay_misc_feat_room, supply_closet_lemuel, minmay_puff
D:4:      layout_loops_corners, nicolae_tso_besieged_by_evil,
          nicolae_elemental_shop
D:5:      layout_basic, mainiacjoe_overflow_paths, serial_aquarium,
          aquarium_bridge_square [aquarium_subvault_window,
          aquarium_subvault_window, aquarium_subvault_bridge,
          aquarium_subvault_window], aquarium_bridge_long_joined
          [aquarium_subvault_wall, aquarium_subvault_bridge,
          aquarium_subvault_bridge, aquarium_subvault_bridge,
          aquarium_subvault_balcony, aquarium_subvault_bridge],
          aquarium_window_fake, aquarium_window_2, aquarium_window_1,
          aquarium_window_2, aquarium_view_2c, aquarium_view_2e,
          aquarium_pool_five, minivault_25, hellmonk_bongcloud_opening
D:6:      layout_rooms, eat_drink_and_be_merry_uskayaw

Skill      XL: |  1  2  3  4  5  6  7 |
---------------+----------------------+-----
Dodging        | 3 4 |  4.6
Fighting       | 4 |  4.6
Axes           | 4 5 6 |  6.2
Stealth        | 1 |  1.5
Throwing       | 1 |  1.0

Action                   |  1- 3 |  4- 6 |  7- 9 || total
-------------------------+-------+-------+-------++-------
Melee: Hand axe          |   126 |   230 |    34 ||   390
       Tailslap          |    20 |    32 |     6 ||    58
       Punch             |       |     2 |       ||     2
Throw: Boomerang         |     6 |     8 |     4 ||    18
       Stone             |     1 |       |       ||     1
Invok: Berserk           |       |     2 |     1 ||     3
 Abil: Breathe Dispellin |       |       |     1 ||     1
 Stab: Sleeping          |     2 |     1 |       ||     3
Armor: Skin              |    47 |    98 |    10 ||   155
Dodge: Dodged            |    70 |   140 |    25 ||   235

Table legend: (Time is in decaauts)
 A = Elapsed time spent in this place.
 B = Non-inter-level travel time spent in this place.
 C = Inter-level travel time spent in this place.
 D = Time resting spent in this place.
 E = Time spent auto-exploring this place.
 F = Levels seen in this place.
 G = Mean time per level.
                   A        B        C        D        E       F      G
               +--------+--------+--------+--------+--------+-----+--------+
         Total |   5929 |   5727 |    202 |    266 |   3604 |   7 |  847.0 |
       Dungeon |   5162 |   4960 |    202 |    166 |   3215 |   6 |  860.3 |
         Sewer |    766 |    766 |      0 |    100 |    389 |   1 |  766.0 |
               +--------+--------+--------+--------+--------+-----+--------+

Top non-repeatable levels by time:
     D:4: 1178 daAuts
     D:1: 1119 daAuts
     D:3: 1110 daAuts
     D:5: 919 daAuts
     D:2: 819 daAuts
   Sewer: 766 daAuts
     D:6: 14 daAuts
